[Event "FRA-ch Open A-D 2018"]
[Site "Nimes"]
[Date "2018.08.19"]
[Round "2"]
[White "Candelot, Clement"]
[Black "Mahieu, Luc"]
[Result "1-0"]
[ECO "B51"]
[WhiteElo "1883"]
[BlackElo "1948"]
[Annotator "NA"]
[PlyCount "108"]
[EventDate "2018.08.18"]
[EventType "tourn"]
[EventCountry "FRA"]
[SourceTitle "playchess.com"]
[Source "ChessBase"]
[SourceQuality "1"]
[TimeControl "40/5400+30:1800+30"]

1. e4 c5 2. Nf3 d6 3. Bb5+ Nd7 4. c3 Ngf6 5. Qe2 a6 6. Ba4 b5 7. Bc2 Bb7 8. O-O e5 9. d4 Be7 10. Rd1 Qc7 11. Bd3 O-O 12. Bg5 h6 13. Bh4 Kh7 14. Nbd2 Rg8 15. Bg3 g5 16. h3 Nh5 17. Nf1 Nf4 18. Qd2 Rad8 19. Ne3 Nb6 20. Rac1 Bc8 21. Bb1 Kh8 22. Kh2 h5 23. Bxf4 gxf4 24. Nf5 Bxf5 25. exf5 Bf6 26. Qe2 Rde8 27. dxe5 dxe5 28. Be4 Rg7 29. Nd2 Rg5 30. Nf3 Rg7 31. Nd2 h4 32. Bf3 e4 33. Nxe4 Nc4 34. Qc2 Qe7 35. Rd7 Qxd7 36. Nxf6 Qe7 37. Nxe8 Qxe8 38. Kh1 Ne5 39. Qe4 f6 40. Qxf4 Kg8 41. Bd5+ Nf7 42. Be6 Qc6 43. f3 Qb6 44. Qxh4 Qd8 45. Qf4 Qd3 46. b4 Qe2 47. Rg1 c4 48. a4 Kh7 49. Qh4+ Nh6 50. axb5 axb5 51. Qxf6 Qd3 52. Qe5 Nf7 53. Bxf7 Rxf7 54. f6 Qg6 1-0

[Event "FRA-ch Open A-D 2018"]
[Site "Nimes"]
[Date "2018.08.19"]
[Round "2"]
[White "Perrin, Yves"]
[Black "Herbin, Alexandre"]
[Result "0-1"]
[ECO "B21"]
[WhiteElo "1755"]
[BlackElo "1644"]
[Annotator "NA"]
[PlyCount "66"]
[EventDate "2018.08.18"]
[EventType "tourn"]
[EventCountry "FRA"]
[SourceTitle "playchess.com"]
[Source "ChessBase"]
[SourceQuality "1"]
[TimeControl "40/5400+30:1800+30"]

1. e4 c5 2. d4 cxd4 3. c3 Nf6 4. e5 Nd5 5. Nf3 Nc6 6. Bc4 Nb6 7. Bb3 d5 8. cxd4 Bg4 9. Be3 e6 10. Qe2 Be7 11. h3 Bh5 12. a3 O-O 13. Nc3 Na5 14. Bc2 Nac4 15. Bd3 Rc8 16. Nd1 a6 17. g4 Bg6 18. h4 Bxd3 19. Qxd3 Na4 20. Rb1 Qa5+ 21. b4 Qd8 22. Ng5 g6 23. Nf3 Nxe3 24. fxe3 h6 25. g5 h5 26. Kf2 Rc7 27. Kg3 Qc8 28. Kf4 Nc3 29. Rb3 Ne4 30. Nd2 f6 31. gxf6 Bxf6 32. Nxe4 Bxe5+ 33. Kg5 Rf5+ 0-1

[Event "FRA-ch Open A-D 2018"]
[Site "Nimes"]
[Date "2018.08.19"]
[Round "2"]
[White "Jangwa, Valentin"]
[Black "Christophe-Hayot, Romain"]
[Result "1-0"]
[ECO "A43"]
[WhiteElo "1648"]
[BlackElo "1797"]
[Annotator "NA"]
[PlyCount "68"]
[EventDate "2018.08.18"]
[EventType "tourn"]
[EventCountry "FRA"]
[SourceTitle "playchess.com"]
[Source "ChessBase"]
[SourceQuality "1"]
[TimeControl "40/5400+30:1800+30"]

1. d4 c5 2. d5 Nf6 3. Nf3 b6 4. c4 g6 5. Nc3 d6 6. h3 Bg7 7. Bg5 Nbd7 8. Qd2 h6 9. Bf4 Nh5 10. Bh2 O-O 11. g4 Nhf6 12. g5 hxg5 13. Nxg5 Ne5 14. Bxe5 dxe5 15. Nge4 Nxe4 16. Nxe4 f5 17. Nc3 Kh7 18. h4 Bh6 19. e3 f4 20. Ne4 fxe3 21. Ng5+ Kg8 22. Qxe3 Qd6 23. Bd3 Bg4 24. Be2 Bh5 25. Bxh5 gxh5 26. Rg1 Kh8 27. Qe4 Bxg5 28. Rxg5 Rf6 29. O-O-O Raf8 30. Rdg1 Rh6 31. Qg2 Qf6 32. Rg8+ Kh7 33. Qe4+ Rg6 34. Rxf8 Kg7 1-0

[Event "FRA-ch Open A-D 2018"]
[Site "Nimes"]
[Date "2018.08.19"]
[Round "2"]
[White "Tourneur, Cloe"]
[Black "Aumont, Eric"]
[Result "0-1"]
[ECO "B23"]
[WhiteElo "1648"]
[BlackElo "1745"]
[Annotator "NA"]
[PlyCount "139"]
[EventDate "2018.08.18"]
[EventType "tourn"]
[EventCountry "FRA"]
[SourceTitle "playchess.com"]
[Source "ChessBase"]
[SourceQuality "1"]
[TimeControl "40/5400+30:1800+30"]

1. e4 c5 2. Nc3 Nc6 3. f4 g6 4. Nf3 Bg7 5. Bc4 e6 6. O-O Nge7 7. d3 Na5 8. Bb3 Nxb3 9. axb3 d6 10. Qe1 O-O 11. f5 exf5 12. Qh4 f6 13. Bh6 Be6 14. Rae1 Qd7 15. Bxg7 Kxg7 16. d4 g5 17. Qf2 b6 18. e5 dxe5 19. dxe5 h6 20. exf6+ Rxf6 21. Ne5 Qc8 22. h4 f4 23. hxg5 hxg5 24. Ne4 Rf5 25. Nd6 Qh8 26. Nxf5+ Nxf5 27. Qf3 Ng3 28. Qb7+ Kf6 29. Rf3 Rd8 30. Rd3 Rxd3 31. Nxd3 Qh1+ 32. Kf2 Qh4 33. Qc6 Nf5+ 34. Kg1 Ne3 35. Rxe3 fxe3 36. Qf3+ Ke7 37. Qb7+ Bd7 38. Qxa7 e2 39. Qa1 Qd4+ 40. Kh2 Bb5 41. Qa7+ Bd7 42. Qa1 Bf5 43. Qa7+ Qd7 44. Qxd7+ Kxd7 45. Ne1 Kd6 46. Kg3 Kd5 47. Kf3 c4 48. bxc4+ Kxc4 49. Kxe2 b5 50. Kd2 g4 51. g3 Kd4 52. Nd3 Ke4 53. Ke2 Kd4 54. Ne1 Be4 55. Kd2 Bf5 56. b3 Be6 57. c3+ Ke4 58. Nc2 Bxb3 59. Nd4 Bc4 60. Kd1 Kd3 61. Ne2 Ke3 62. Nd4 Kf2 63. Kd2 Kxg3 64. Ke3 Kh2 65. Nf5 g3 66. Nh4 Bd5 67. Kd4 Bc4 68. Kc5 Kh3 69. Ng6 g2 70. Nf4+ 0-1

[Event "FRA-ch Open A-D 2018"]
[Site "Nimes"]
[Date "2018.08.19"]
[Round "2"]
[White "Astruc, Iban"]
[Black "Auffray-Bonnet, Gaspard"]
[Result "0-1"]
[ECO "A25"]
[WhiteElo "1639"]
[BlackElo "1736"]
[Annotator "NA"]
[PlyCount "58"]
[EventDate "2018.08.18"]
[EventType "tourn"]
[EventCountry "FRA"]
[SourceTitle "playchess.com"]
[Source "ChessBase"]
[SourceQuality "1"]
[TimeControl "40/5400+30:1800+30"]

1. c4 e5 2. Nc3 Nc6 3. g3 d6 4. Bg2 f5 5. e3 Nf6 6. Nge2 Be7 7. O-O O-O 8. d3 Kh8 9. a3 Qe8 10. Nd5 Bd8 11. Nec3 Nxd5 12. Nxd5 Ne7 13. b4 Nxd5 14. cxd5 b6 15. Bb2 Bb7 16. Rc1 Qf7 17. e4 f4 18. Qf3 Bc8 19. d4 exd4 20. Bxd4 Ba6 21. Rfe1 Rc8 22. Bh3 Rb8 23. Be6 Qg6 24. Bf5 Qh6 25. Qxf4 Bg5 26. Rxc7 Bxf4 27. Rxg7 Qxg7 28. Bxg7+ Kxg7 29. gxf4 Bc8 0-1

[Event "FRA-ch Open A-D 2018"]
[Site "Nimes"]
[Date "2018.08.19"]
[Round "2"]
[White "Brun, Michel"]
[Black "De Castet, Antoine"]
[Result "0-1"]
[ECO "D52"]
[WhiteElo "1491"]
[BlackElo "1367"]
[Annotator "NA"]
[PlyCount "100"]
[EventDate "2018.08.18"]
[EventType "tourn"]
[EventCountry "FRA"]
[SourceTitle "playchess.com"]
[Source "ChessBase"]
[SourceQuality "1"]
[TimeControl "40/5400+30:1800+30"]

1. d4 d5 2. c4 e6 3. Nc3 c6 4. Nf3 Nf6 5. Bg5 Nbd7 6. e3 Qa5 7. a3 Ne4 8. Qa4 Qxa4 9. Nxa4 dxc4 10. Bxc4 b5 11. Bd3 Nxg5 12. Nxg5 bxa4 13. Nxh7 Be7 14. f4 Rb8 15. Rb1 g6 16. Ng5 Bxg5 17. fxg5 Ke7 18. g4 Bb7 19. Be4 Rh3 20. Bc2 Rxe3+ 21. Kd2 Rh3 22. Bxa4 c5 23. Rhc1 Rxh2+ 24. Ke3 cxd4+ 25. Kxd4 Rc8 26. Rxc8 Bxc8 27. Rc1 Kd8 28. Rc2 Rxc2 29. Bxc2 Bb7 30. Ke3 Ne5 31. Kf4 Nc4 32. b3 Nxa3 33. Bd3 a6 34. Ke5 Ke7 35. Be2 Nb5 36. Bd3 Nc7 37. Be2 a5 38. Bd1 Bd5 39. Kd4 Kd6 40. Bc2 Bf3 41. Ke3 Bxg4 42. Kf4 Bf5 43. Bd1 Nd5+ 44. Kf3 Nc3 45. Be2 Nxe2 46. Kxe2 Bc2 47. Kd2 Bxb3 48. Kc3 a4 49. Kb2 e5 50. Ka1 e4 0-1

[Event "FRA-ch Open A-D 2018"]
[Site "Nimes"]
[Date "2018.08.19"]
[Round "2"]
[White "Berfini, Ghjuliana"]
[Black "Koch, Emilie"]
[Result "1/2-1/2"]
[ECO "D02"]
[WhiteElo "1363"]
[BlackElo "1498"]
[Annotator "NA"]
[PlyCount "142"]
[EventDate "2018.08.18"]
[EventType "tourn"]
[EventCountry "FRA"]
[SourceTitle "playchess.com"]
[Source "ChessBase"]
[SourceQuality "1"]
[TimeControl "40/5400+30:1800+30"]

1. d4 d5 2. Nf3 Nf6 3. g3 Bf5 4. Bg2 h6 5. O-O Qc8 6. Bf4 Nc6 7. Nc3 a6 8. a3 e6 9. b4 b5 10. Ne5 Nxe5 11. dxe5 Nd7 12. e4 dxe4 13. Nxe4 Rb8 14. Qd4 Be7 15. Rac1 O-O 16. c4 Rd8 17. Qc3 Nb6 18. cxb5 Nd5 19. Qb2 Nxf4 20. gxf4 axb5 21. Qc3 Rd7 22. Nc5 Bxc5 23. Qxc5 Qa6 24. Qc6 Qxc6 25. Rxc6 Rbd8 26. Rc5 Bd3 27. Bc6 Bxf1 28. Bxd7 Rxd7 29. Kxf1 Rd3 30. Rxc7 Rxa3 31. Rc5 Rf3 32. Rxb5 Rxf4 33. Rb8+ Kh7 34. b5 Rb4 35. b6 Kg6 36. Ke2 Kf5 37. Kd3 Kxe5 38. Kc3 Rb1 39. b7 Kd6 40. Rg8 Rxb7 41. Rxg7 Ke7 42. Rh7 Kf6 43. Rxh6+ Kg7 44. Rh4 Kg6 45. Rd4 e5 46. Rd6+ f6 47. h4 Rh7 48. Kd3 Rxh4 49. Ke3 Kf5 50. f3 Rb4 51. Rc6 Rb3+ 52. Kf2 Rd3 53. Ke2 Rd4 54. Ke3 Kg6 55. Rc5 Kf7 56. Rc6 Ke7 57. Rb6 f5 58. Rb7+ Rd7 59. Rb4 Ke6 60. Rc4 Kd5 61. Ra4 Rc7 62. Ra3 Rc4 63. Ra5+ Rc5 64. Ra3 Rb5 65. Kd3 Rc5 66. Ra4 Kd6 67. Rb4 Rd5+ 68. Ke3 Rc5 69. Kd3 Rd5+ 70. Ke3 Rc5 71. Kd3 Rd5+ {[%emt 0:01:52] Kd4} 1/2-1/2

[Event "FRA-ch Open A-D 2018"]
[Site "Nimes"]
[Date "2018.08.19"]
[Round "2"]
[White "Sithisak, Remi"]
[Black "Candela, Leo-Thierry"]
[Result "1-0"]
[ECO "A85"]
[WhiteElo "1360"]
[BlackElo "1496"]
[Annotator "NA"]
[PlyCount "85"]
[EventDate "2018.08.18"]
[EventType "tourn"]
[EventCountry "FRA"]
[SourceTitle "playchess.com"]
[Source "ChessBase"]
[SourceQuality "1"]
[TimeControl "40/5400+30:1800+30"]

1. d4 f5 2. c4 Nf6 3. Nc3 e6 4. Nf3 d5 5. Bg5 c6 6. e3 Bd6 7. Bd3 O-O 8. Qc2 Qe8 9. cxd5 exd5 10. Bxf5 Bxf5 11. Qxf5 Ne4 12. Qg4 Nd7 13. O-O Ndf6 14. Qh4 Qg6 15. Ne2 Nh5 16. Nf4 Nxf4 17. Bxf4 Be7 18. Qxe7 Rf7 19. Qh4 Raf8 20. Ne5 Qe6 21. Nxf7 Qxf7 22. f3 Nd2 23. Rfc1 Qg6 24. Qg3 Qe6 25. b3 Rf6 26. Qe1 Nxf3+ 27. gxf3 Rg6+ 28. Kh1 Qh3 29. Qf2 Qd7 30. Rg1 Re6 31. Be5 g6 32. f4 Re8 33. Qh4 Qf5 34. Qf6 Qxf6 35. Bxf6 Rxe3 36. f5 Kf7 37. fxg6+ hxg6 38. Raf1 Re6 39. Bh4+ Kg7 40. Re1 Rd6 41. Re7+ Kf8 42. Rf1+ Kg8 43. Rf6 1-0

[Event "FRA-ch Open A-D 2018"]
[Site "Nimes"]
[Date "2018.08.19"]
[Round "2"]
[White "Bruneteau, Damien"]
[Black "Marcellier, Clement"]
[Result "0-1"]
[ECO "A56"]
[WhiteElo "1358"]
[BlackElo "1491"]
[Annotator "NA"]
[PlyCount "121"]
[EventDate "2018.08.18"]
[EventType "tourn"]
[EventCountry "FRA"]
[SourceTitle "playchess.com"]
[Source "ChessBase"]
[SourceQuality "1"]
[TimeControl "40/5400+30:1800+30"]

1. d4 Nf6 2. c4 c5 3. d5 e5 4. Bg5 g6 5. Nc3 Bg7 6. e4 d6 7. Nf3 O-O 8. Qd2 Na6 9. Be2 Nc7 10. O-O Bd7 11. Rab1 a6 12. Ne1 b5 13. f4 b4 14. Nd1 Nxe4 15. Qe3 f6 16. Qxe4 Bf5 17. Qe3 Bxb1 18. Bh4 exf4 19. Qf3 g5 20. Bf2 Re8 21. Bd3 Bxd3 22. Nxd3 Qd7 23. g3 Qh3 24. b3 fxg3 25. Bxg3 g4 26. Qf2 Rad8 27. Ne3 Bh6 28. Nf4 Bxf4 29. Qxf4 Rf8 30. Qf2 Qh5 31. Nf5 Ne8 32. Ne7+ Kh8 33. Nf5 Qg5 34. Ne7 Rd7 35. Nf5 Rff7 36. Qb2 h5 37. Qe2 Rd8 38. Qe6 Rfd7 39. Bh4 Qg6 40. Ne7 Qg7 41. Bxf6 Nxf6 42. Rxf6 Rxe7 43. Rh6+ Qxh6 44. Qxh6+ Kg8 45. Qg5+ Kf8 46. Qf6+ Ke8 47. Qg6+ Kd7 48. Qf5+ Kc7 49. Qf2 Rde8 50. Qf6 Re1+ 51. Kg2 R1e2+ 52. Kg3 R8e3+ 53. Kh4 Rxh2+ 54. Kg5 Re5+ 55. Kg6 Rhe2 56. Qf7+ Re7 57. Qf8 Re8 58. Qf7+ R2e7 59. Qf6 Rg8+ 60. Kh6 Reg7 61. Qf1 0-1

[Event "FRA-ch Open A-D 2018"]
[Site "Nimes"]
[Date "2018.08.20"]
[Round "3"]
[White "Giacomini, Hector"]
[Black "Maleki, Nicolas"]
[Result "1-0"]
[ECO "E20"]
[WhiteElo "2196"]
[BlackElo "2094"]
[Annotator "NA"]
[PlyCount "71"]
[EventDate "2018.08.18"]
[EventType "tourn"]
[EventCountry "FRA"]
[SourceTitle "playchess.com"]
[Source "ChessBase"]
[SourceQuality "1"]
[TimeControl "40/5400+30:1800+30"]

1. d4 Nf6 2. c4 e6 3. Nc3 Bb4 4. Bd2 b6 5. Nf3 Bb7 6. e3 O-O 7. Be2 Bxc3 8. Bxc3 Ne4 $11 {[%emt 0:00:24] LiveBook: 9 Games} 9. Rc1 d5 10. O-O Nd7 11. cxd5 exd5 12. Qa4 c6 13. Rfd1 f5 14. Bb4 Rf6 15. g3 Qe8 16. Rc2 a5 17. Be1 g5 18. Qb3 Qg6 19. Ne5 Nxe5 20. dxe5 Rf7 21. Qxb6 f4 22. Rdc1 fxg3 23. hxg3 g4 24. Bd3 Re8 25. Qd4 Qh5 26. Bxe4 dxe4 27. e6 Rxe6 28. Rc5 Qh6 29. Rd1 Qf6 30. Qxf6 Rfxf6 31. Rd8+ Kf7 32. Bc3 Rg6 33. Rf5+ Ke7 34. Rdf8 Ba6 35. Bxa5 Ref6 36. R8xf6 1-0

[Event "FRA-ch Open A-D 2018"]
[Site "Nimes"]
[Date "2018.08.20"]
[Round "3"]
[White "De Lussac, Rainier"]
[Black "Girardon, Jerome"]
[Result "0-1"]
[ECO "A40"]
[WhiteElo "2071"]
[BlackElo "2186"]
[Annotator "NA"]
[PlyCount "113"]
[EventDate "2018.08.18"]
[EventType "tourn"]
[EventCountry "FRA"]
[SourceTitle "playchess.com"]
[Source "ChessBase"]
[SourceQuality "1"]
[TimeControl "40/5400+30:1800+30"]

1. d4 g6 2. Nf3 Bg7 3. c4 c5 4. d5 d6 5. e4 Nd7 6. Be2 b5 7. a4 bxc4 8. O-O Ba6 9. Qc2 Rb8 10. Na3 Ngf6 11. Bxc4 Bxc4 12. Nxc4 O-O 13. Bd2 Re8 14. Rfe1 Qc7 15. h3 Nb6 16. Na3 Qb7 17. Bc3 Nfd7 18. a5 Na8 19. e5 Nc7 20. exd6 exd6 21. Rxe8+ Rxe8 22. Bxg7 Kxg7 23. Nc4 Qa6 24. Rd1 Nf6 25. Qc3 Re4 26. b3 Nb5 27. Qb2 Qc8 28. Ng5 Rd4 29. Re1 Qf5 30. Nf3 Rf4 31. Ne3 Qd3 32. Rd1 Qc3 33. Qxc3 Nxc3 34. Rd3 Ne2+ 35. Kf1 Nc1 36. Rc3 Na2 37. Rc4 Re4 38. Ke2 Re7 39. Kd1 Nb4 40. Nd2 Nbxd5 41. Nxd5 Nxd5 42. Nb1 Nb4 43. Kd2 Nc6 44. Ra4 Rb7 45. Nc3 f5 46. f4 d5 47. a6 Rb8 48. Ra1 Nb4 49. Ra5 Rb6 50. Rxc5 Nxa6 51. Rxd5 Rxb3 52. Rb5 Rxb5 53. Nxb5 Nc5 54. Nxa7 Kh6 55. Ke3 Kh5 56. g3 Ne4 57. Kd4 0-1

[Event "FRA-ch Open A-D 2018"]
[Site "Nimes"]
[Date "2018.08.20"]
[Round "3"]
[White "Zarrouati, Pierre"]
[Black "Daurelle, Herve"]
[Result "0-1"]
[ECO "A46"]
[WhiteElo "2067"]
[BlackElo "2181"]
[Annotator "NA"]
[PlyCount "44"]
[EventDate "2018.08.18"]
[EventType "tourn"]
[EventCountry "FRA"]
[SourceTitle "playchess.com"]
[Source "ChessBase"]
[SourceQuality "1"]
[TimeControl "40/5400+30:1800+30"]

1. d4 Nf6 2. Nf3 e6 3. Bf4 c5 4. c3 d5 5. e3 Nc6 6. Nbd2 Bd6 7. Ne5 Qc7 8. Bb5 O-O 9. Bxc6 bxc6 10. Qa4 Bb7 11. b4 c4 12. Qd1 a5 13. a3 axb4 14. axb4 Nh5 15. O-O Rxa1 16. Qxa1 f6 17. Nef3 Nxf4 18. exf4 Bxf4 19. Re1 Ra8 20. Qb2 Bc8 21. Ra1 Qb7 22. Nb1 Bc1 0-1

[Event "FRA-ch Open A-D 2018"]
[Site "Nimes"]
[Date "2018.08.20"]
[Round "3"]
[White "Grimault, Nathan"]
[Black "Lux, Hugo de Melo"]
[Result "1/2-1/2"]
[ECO "A46"]
[WhiteElo "2066"]
[BlackElo "2147"]
[Annotator "NA"]
[PlyCount "53"]
[EventDate "2018.08.18"]
[EventType "tourn"]
[EventCountry "FRA"]
[SourceTitle "playchess.com"]
[Source "ChessBase"]
[SourceQuality "1"]
[TimeControl "40/5400+30:1800+30"]

1. d4 Nf6 2. Nf3 e6 3. g3 c5 4. Bg2 d5 5. O-O cxd4 6. Nxd4 Be7 7. c4 O-O 8. cxd5 Nxd5 9. e4 Nb4 10. Nc3 N8c6 11. Nxc6 Nxc6 12. Qe2 Nd4 13. Qd3 e5 14. Nd5 Bg4 15. Be3 Be2 16. Qd2 Nf3+ 17. Bxf3 Bxf3 18. Qd3 f5 19. Bc5 Bxc5 20. Qxf3 f4 21. Rad1 fxg3 22. Qxg3 Bd4 23. Rc1 Rf7 24. Rc2 Rc8 25. Rfc1 Rxc2 26. Rxc2 g6 27. b4 1/2-1/2

[Event "FRA-ch Open A-D 2018"]
[Site "Nimes"]
[Date "2018.08.20"]
[Round "3"]
[White "Verin, Jules"]
[Black "Bailleul, Adrien"]
[Result "1-0"]
[ECO "E10"]
[WhiteElo "1941"]
[BlackElo "1899"]
[Annotator "NA"]
[PlyCount "41"]
[EventDate "2018.08.18"]
[EventType "tourn"]
[EventCountry "FRA"]
[SourceTitle "playchess.com"]
[Source "ChessBase"]
[SourceQuality "1"]
[TimeControl "40/5400+30:1800+30"]

1. d4 Nf6 2. Nf3 c5 3. d5 e6 4. c4 b5 5. Bg5 b4 6. e4 h6 7. Bxf6 Qxf6 8. e5 Qd8 9. Bd3 Bb7 10. Be4 d6 11. Qd3 dxe5 12. Nxe5 Qf6 13. f4 Qxf4 14. Nxf7 Qc1+ 15. Ke2 Qxh1 16. dxe6 Be7 17. Bxb7 Qc1 18. Nd2 Qxa1 19. Nd6+ Bxd6 20. Qxd6 Qxb2 21. Bc6+ 1-0

[Event "FRA-ch Open A-D 2018"]
[Site "Nimes"]
[Date "2018.08.20"]
[Round "3"]
[White "Sabatier, Mathis"]
[Black "Boes, Remi"]
[Result "1-0"]
[ECO "A37"]
[WhiteElo "1904"]
[BlackElo "1946"]
[Annotator "NA"]
[PlyCount "73"]
[EventDate "2018.08.18"]
[EventType "tourn"]
[EventCountry "FRA"]
[SourceTitle "playchess.com"]
[Source "ChessBase"]
[SourceQuality "1"]
[TimeControl "40/5400+30:1800+30"]

1. Nf3 c5 2. g3 g6 3. Bg2 Bg7 4. c4 Nc6 5. Nc3 d6 6. O-O e5 7. d3 Nge7 8. Ne1 O-O 9. Nc2 Rb8 10. Ne3 Be6 11. Ned5 Bxd5 12. Nxd5 Nxd5 13. cxd5 Nd4 14. e3 Nf5 15. Bd2 b5 16. e4 Nd4 17. f4 exf4 18. gxf4 f5 19. Rc1 Qb6 20. Kh1 a5 21. Bc3 Rbe8 22. Bxd4 Bxd4 23. Qc2 fxe4 24. Bxe4 Be3 25. Rce1 Rxf4 26. Qg2 Rxf1+ 27. Rxf1 g5 28. Qh3 Rxe4 29. dxe4 Bf4 30. Qe6+ Kg7 31. Qe7+ Kg8 32. Rf3 h5 33. Qe8+ Kg7 34. Qxh5 c4 35. Rh3 Qd8 36. Qh7+ Kf6 37. Qf5+ 1-0

[Event "FRA-ch Open A-D 2018"]
[Site "Nimes"]
[Date "2018.08.20"]
[Round "3"]
[White "Brouard, Gregoire"]
[Black "Berthaut, Alexandre"]
[Result "1-0"]
[ECO "A40"]
[WhiteElo "1898"]
[BlackElo "1925"]
[Annotator "NA"]
[PlyCount "56"]
[EventDate "2018.08.18"]
[EventType "tourn"]
[EventCountry "FRA"]
[SourceTitle "playchess.com"]
[Source "ChessBase"]
[SourceQuality "1"]
[TimeControl "40/5400+30:1800+30"]

1. d4 b6 2. e4 Bb7 3. Nc3 e6 4. Bd3 Nf6 5. Nge2 d5 6. e5 Ne4 7. O-O c5 8. Ng3 cxd4 9. Ncxe4 dxe4 10. Nxe4 Be7 11. Qg4 Kf8 12. f4 Nd7 13. Qh5 f5 14. exf6 Nxf6 15. Nxf6 Bxf6 16. b3 Qd5 17. Ba3+ Kg8 18. Qh3 Qd7 19. Rae1 Bd5 20. Re2 Re8 21. Rfe1 g6 22. g4 Kg7 23. g5 Bd8 24. Bb2 Bc6 25. Rxe6 Qd5 26. Rxe8 Rxe8 27. Qh6+ Kg8 28. Rxe8+ {[%emt 0:00:11] Kh8 Qf8+} Bxe8 1-0

[Event "FRA-ch Open A-D 2018"]
[Site "Nimes"]
[Date "2018.08.20"]
[Round "3"]
[White "Ruch, Bernard"]
[Black "Destic, Pablo"]
[Result "1/2-1/2"]
[ECO "A40"]
[WhiteElo "1889"]
[BlackElo "1921"]
[Annotator "NA"]
[PlyCount "125"]
[EventDate "2018.08.18"]
[EventType "tourn"]
[EventCountry "FRA"]
[SourceTitle "playchess.com"]
[Source "ChessBase"]
[SourceQuality "1"]
[TimeControl "40/5400+30:1800+30"]

1. d4 g6 2. e3 Bg7 3. c3 Nf6 4. Nd2 d5 5. Be2 O-O 6. h4 c5 7. h5 Nc6 8. hxg6 fxg6 9. Nh3 Bxh3 10. Rxh3 cxd4 11. exd4 e5 12. dxe5 Nxe5 13. Nf3 Ne4 14. Be3 Ng4 15. Qb3 Nxe3 16. fxe3 Nc5 17. Qb4 Qe7 18. Qh4 Qxh4+ 19. Rxh4 Rae8 20. Rd1 Rxe3 21. Rxd5 Rfe8 22. Rd2 Ne4 23. Rc2 g5 24. Rxe4 R8xe4 25. Nxg5 Re7 26. Kf2 Bh6 27. Nf3 Bf4 28. Bc4+ Kg7 29. Bd5 Rd7 30. c4 b6 31. g3 Bh6 32. Nh4 Re5 33. Kg2 Be3 34. Nf3 Ree7 35. b3 Bc5 36. Ng5 Re5 37. Ne6+ Kf6 38. Nf4 Rg7 39. Bf3 Ke7 40. Nd5+ Kf7 41. b4 Bd4 42. c5 bxc5 43. bxc5 Reg5 44. g4 h5 45. c6 hxg4 46. Be4 Be5 47. c7 Bxc7 48. Rxc7+ Ke6 49. Rc5 Ke5 50. Rc4 Rd7 51. Ra4 Rgg7 52. Nc3 Rd4 53. Ra5+ Kf4 54. Rf5+ Ke3 55. Bb1 Rb7 56. Kg3 Rc4 57. Nb5 Rb4 58. Re5+ Kd2 59. Rd5+ Kc1 60. Bd3 Kb2 61. Nd6 Rc7 62. Ne4 Kxa2 63. Kxg4 1/2-1/2

[Event "FRA-ch Open A-D 2018"]
[Site "Nimes"]
[Date "2018.08.20"]
[Round "3"]
[White "Aumont, Eric"]
[Black "Silvera, Ruben"]
[Result "0-1"]
[ECO "A38"]
[WhiteElo "1745"]
[BlackElo "1688"]
[Annotator "NA"]
[PlyCount "82"]
[EventDate "2018.08.18"]
[EventType "tourn"]
[EventCountry "FRA"]
[SourceTitle "playchess.com"]
[Source "ChessBase"]
[SourceQuality "1"]
[TimeControl "40/5400+30:1800+30"]

1. c4 Nf6 2. Nc3 c5 3. g3 g6 4. Bg2 Bg7 5. Nf3 Nc6 6. O-O O-O 7. e4 d6 8. d3 Bg4 9. h3 Bxf3 10. Bxf3 Nd4 11. Bg2 a6 12. Ne2 Nxe2+ 13. Qxe2 Qc7 14. Bd2 e5 15. f4 exf4 16. gxf4 b5 17. Be3 Nd7 18. Rac1 b4 19. Qf2 Rae8 20. Bf3 f5 21. Kh1 Nb8 22. e5 Nd7 23. exd6 Qxd6 24. Bd5+ Kh8 25. d4 Rxe3 26. Qxe3 Bxd4 27. Qe2 Nf6 28. Qg2 Nh5 29. Rce1 Nxf4 30. Qg3 g5 31. Re6 Qd7 32. Rxf4 gxf4 33. Qxf4 Qg7 34. Bg2 Bxb2 35. Rxa6 Qe7 36. Qf3 Qe1+ 37. Qf1 Re8 38. Rd6 Bd4 39. Rd7 Qg3 40. Qxf5 Re1+ 41. Bf1 Qg1# 0-1

[Event "FRA-ch Open A-D 2018"]
[Site "Nimes"]
[Date "2018.08.20"]
[Round "3"]
[White "Auffray-Bonnet, Gaspard"]
[Black "Arcusa, Michel"]
[Result "1-0"]
[ECO "B46"]
[WhiteElo "1736"]
[BlackElo "1651"]
[Annotator "NA"]
[PlyCount "55"]
[EventDate "2018.08.18"]
[EventType "tourn"]
[EventCountry "FRA"]
[SourceTitle "playchess.com"]
[Source "ChessBase"]
[SourceQuality "1"]
[TimeControl "40/5400+30:1800+30"]

1. e4 c5 2. Nf3 Nc6 3. d4 cxd4 4. Nxd4 e6 5. Nc3 a6 6. Be2 Nf6 7. Nxc6 bxc6 8. O-O Qc7 9. Be3 Bb4 10. Qd4 Be7 11. e5 Nd5 12. Nxd5 cxd5 13. c4 Bb7 14. Rac1 Qa5 15. c5 f5 16. g4 g6 17. gxf5 gxf5 18. Bh5+ Kd8 19. Bd2 Qxa2 20. c6 Kc7 21. cxb7+ Kxb7 22. Bb4 Qa4 23. Rc7+ Kxc7 24. Bd6+ Bxd6 25. exd6+ Kxd6 26. Qxa4 Rhg8+ 27. Kh1 Rg5 28. Qd1 1-0

[Event "FRA-ch Open A-D 2018"]
[Site "Nimes"]
[Date "2018.08.20"]
[Round "3"]
[White "Alashtar, Aasef"]
[Black "Jangwa, Valentin"]
[Result "1-0"]
[ECO "A05"]
[WhiteElo "1724"]
[BlackElo "1648"]
[Annotator "NA"]
[PlyCount "125"]
[EventDate "2018.08.18"]
[EventType "tourn"]
[EventCountry "FRA"]
[SourceTitle "playchess.com"]
[Source "ChessBase"]
[SourceQuality "1"]
[TimeControl "40/5400+30:1800+30"]

1. Nf3 Nf6 2. g3 c6 3. Bg2 d5 4. b3 g6 5. Bb2 Bg7 6. O-O O-O 7. c4 Be6 8. cxd5 Bxd5 9. d3 Be6 10. Ng5 Bd7 11. Nd2 Qc8 12. Re1 Bg4 13. f3 Bd7 14. Qc1 Na6 15. Nc4 Nb4 16. Qd2 Na6 17. Rac1 Qd8 18. f4 Nc7 19. e4 h6 20. Nf3 Be6 21. Nce5 Nb5 22. a4 Nc7 23. Nd4 Bc8 24. b4 Ng4 25. Ndf3 a6 26. h3 Nxe5 27. fxe5 Ne6 28. a5 Qd7 29. d4 Nc7 30. Qe3 e6 31. Nd2 Qe7 32. Nc4 Kh7 33. Rc2 Nb5 34. Bc3 Nxc3 35. Qxc3 Qg5 36. Rf2 Rb8 37. h4 Qe7 38. Ref1 Bd7 39. Nd6 Be8 40. Bh3 Rd8 41. Qc5 Rd7 42. Kh2 Rc7 43. Qb6 Rd7 44. Nc8 Qd8 45. Qxd8 Rxd8 46. Nd6 Kg8 47. Kg2 h5 48. Rd1 Rb8 49. Nc4 Rd8 50. Kf1 Bh6 51. Ke2 Bg7 52. Ke3 Bh6+ 53. Kd3 Kh7 54. Rdf1 Rg8 55. Nd6 f5 56. exf6 Rxd6 57. e5 Rd8 58. f7 Bxf7 59. Rxf7+ Rg7 60. Bxe6 Rb8 61. Rf8 Rxf8 62. Rxf8 b6 63. axb6 1-0

[Event "FRA-ch Open A-D 2018"]
[Site "Nimes"]
[Date "2018.08.20"]
[Round "3"]
[White "Saugrain, Jean-Maxime"]
[Black "Sylvestre-Baron, Laurent"]
[Result "1-0"]
[ECO "E76"]
[WhiteElo "1682"]
[BlackElo "1730"]
[Annotator "NA"]
[PlyCount "111"]
[EventDate "2018.08.18"]
[EventType "tourn"]
[EventCountry "FRA"]
[SourceTitle "playchess.com"]
[Source "ChessBase"]
[SourceQuality "1"]
[TimeControl "40/5400+30:1800+30"]

1. c4 Nf6 2. d4 g6 3. Nc3 Bg7 4. e4 d6 5. f4 Na6 6. Nf3 c5 7. d5 O-O 8. Bd3 Bg4 9. h3 Bd7 10. g4 Nb4 11. f5 Qa5 12. O-O b5 13. Nxb5 Bxb5 14. cxb5 Nxd3 15. Qxd3 Qb4 16. Re1 c4 17. Qc2 Qxb5 18. Bd2 Nd7 19. Bc3 Bxc3 20. Qxc3 Nc5 21. Re2 Nd3 22. Kh2 Rab8 23. Nd4 Qb6 24. Nc6 Rb7 25. Rb1 Nf4 26. Rc2 f6 27. Re1 g5 28. Qxc4 Kg7 29. Nd4 Rc7 30. Qxc7 Qxd4 31. Qc3 Qa4 32. Qc4 Qa5 33. Re3 Qb6 34. Rf3 h5 35. gxh5 Kh6 36. Qc7 Qxc7 37. Rxc7 Rf7 38. Rxa7 Kxh5 39. Ra8 Rh7 40. Rb3 g4 41. Raa3 Kg5 42. Rg3 Nxh3 43. Rxh3 gxh3 44. Rxh3 Rxh3+ 45. Kxh3 Kf4 46. a4 Kxe4 47. a5 Kxd5 48. a6 Kc6 49. b4 Kb6 50. b5 Ka7 51. Kg3 Kb6 52. Kf4 Ka7 53. Ke4 Kb6 54. Kd5 Ka7 55. Kc6 d5 56. Kxd5 1-0